 Dungeon Crawl Stone Soup version 0.21-a0-84-g85d6d27 (webtiles) character file.

61 zipzorp the Shield-Bearer (level 4, 0/24 HPs)
             Began as a Vine Stalker Fighter on July 7, 2017.
             Slain by an ogre
             ... wielding a +0 giant club
              (7 damage)
             ... on level 3 of the Dungeon.
             The game lasted 00:10:20 (1818 turns).

zipzorp the Shield-Bearer (Vine Stalker Fighter)    Turns: 1818, Time: 00:10:21

Health: 0/24       AC: 11    Str: 19    XL:     4   Next: 7%
Magic:  0/14       EV:  7    Int:  8    God:
Gold:   65         SH:  9    Dex: 14    Spells: 3/3 levels left

rFire    . . .     SeeInvis .   a - +0 flail
rCold    . . .     Gourm    .   c - +0 shield
rNeg     . . .     Faith    .   b - +0 scale mail
rPois    .         Spirit   +   p - +0 helmet
rElec    .         Reflect  .   (no cloak)
rCorr    .         Harm     .   (no gloves)
MR       .....                  (no boots)
Stlth    ..........             (no amulet)
HPRegen  0.48/turn              i - +4 ring of protection
MPRegen  0.14/turn              g - ring of magical power

@: no status effects
A: fangs 2, regeneration 1, magic shield, antimagic bite, no potion heal 3, rot
immunity
a: no special abilities


You were on level 3 of the Dungeon.
You were not hungry.

You visited 1 branch of the dungeon, and saw 3 of its levels.

You collected 65 gold pieces.

Inventory:

Hand Weapons
 a - a +0 flail (weapon)
Armour
 b - a +0 scale mail (worn)
 c - a +0 shield (worn)
 p - a +0 helmet (worn)
Jewellery
 g - a ring of magical power (right hand)
 i - a +4 ring of protection (left hand)
Scrolls
 j - a scroll of amnesia
 o - 3 scrolls of enchant weapon
Potions
 d - a potion of might
 h - 2 potions of lignification {unknown}
 k - a potion of berserk rage
 l - a potion of haste {unknown}
Comestibles
 f - a bread ration
 m - 3 fruits
 n - 2 meat rations


   Skills:
 + Level 3.1 Fighting
 + Level 2.5 Maces & Flails
 + Level 2.6 Armour
 + Level 0.4 Dodging
 + Level 3.2 Shields


You had 3 spell levels left.
You didn't know any spells.

Dungeon Overview and Level Annotations

Branches:
Dungeon (3/15)

Altars:
Ashenzari
Elyvilon
Zin
The Shining One


Innate Abilities, Weirdness & Mutations

You have extremely sharp teeth.
Your natural rate of healing is unusually fast.
When hurt, damage is shared between your health and your magic reserves.
Your bite disrupts and absorbs the magic of your enemies.
Potions cannot restore your health.
You are immune to rotting.


Message History

You hit the kobold.
You kill the kobold!
You see here a dagger.
o - 3 scrolls of enchant weapon (gained 2)
An ogre and a dart slug come into view.
The ogre moves out of view.
Found a pair of boots.
The ogre closely misses you. The ogre barely misses you.
The dart slug launches a dart at you. The slug dart misses you.
You hit the ogre.
The ogre is lightly wounded.
The ogre hits you with a giant club!!
Ouch! That really hurt!
* * * LOW HITPOINT WARNING * * *
The dart slug closely misses you.
You hear a shout!
The ogre hits you with a giant club!
You die...

#.# #.#.. #.####### #.#.##
##########.......####.#...
..........)............>##
............####....)...<#
#####.....#.# #.####.#...
#.....#..# ### ...#...
#.....+.... #.#..#...
#....@##.### # #..+...
#...O.# .. ##.#... #####w#
#.# ..#... #.. #.##+# ....
..... ...[... .....##.
......# .#


You could see an ogre and a dart slug.

Vanquished Creatures
  2 adders
  A dart slug (D:2)
  A leopard gecko (D:2)
  2 giant cockroaches (D:2)
  5 goblins
  6 hobgoblins
  4 jackals (D:2)
  A quokka (D:2)
  3 bats
  3 frilled lizards
  7 kobolds
  4 rats
39 creatures vanquished.

Notes
Turn   | Place    | Note
-------+----------+-------------------------------------------
     0 | D:1      | zipzorp the Vine Stalker Fighter began the quest for the Orb.
     0 | D:1      | Reached XP level 1. HP: 11/11 MP: 2/2
   344 | D:1      | Reached XP level 2. HP: 15/16 MP: 3/3
   961 | D:2      | Reached XP level 3. HP: 10/20 MP: 4/4
  1203 | D:2      | Found a white marble altar of Elyvilon.
  1203 | D:2      | Found a glowing silver altar of Zin.
  1203 | D:2      | Found a glowing golden altar of the Shining One.
  1272 | D:2      | Found a shattered altar of Ashenzari.
  1769 | D:3      | Gained mutation: Your natural rate of healing is unusually fast. [Vine Stalker growth]
  1769 | D:3      | Reached XP level 4. HP: 24/24 MP: 5/5
  1811 | D:3      | Noticed an ogre
  1818 | D:3      | Slain by an ogre

Vault maps used:
D:1:      dpeg_arrival_three_smaller_balls
D:2:      good_gods_mini_temple, ashenzari_altar_1
D:3:      minitemple, first_bread

Skill      XL: |  1  2 |
---------------+-------+-----
Shields        | 3 |  3.2
Maces & Flails | 2 |  2.5
Fighting       | 3 |  3.1
Armour         | |  2.6
Dodging        | |  0.4

Action                   |  1- 3 |  4- 6 || total
-------------------------+-------+-------++-------
Melee: Flail             |   106 |     4 ||   110
       Bite              |    23 |       ||    23
  Use: Potion            |     1 |       ||     1
       Scroll            |     2 |     1 ||     3
  Eat: Royal jelly       |     2 |       ||     2
Armor: Scale mail        |    52 |     1 ||    53
Dodge: Dodged            |    50 |     5 ||    55
Block: Shield            |    72 |       ||    72
